 Dungeon Crawl Stone Soup version 0.30-a0-778-g2ef04afb54 (webtiles) character file.

Game seed: 13598272659186034711

2517514 Anon1729 the Slayer (level 25, 193/236 (247) HPs)
             Began as a Minotaur Monk on Feb 15, 2023.
             Was the Champion of Ru.
             Escaped with the Orb
             ... and 4 runes!
             The game lasted 02:27:25 (61357 turns).

Anon1729 the Slayer (Minotaur Monk)                Turns: 61357, Time: 02:27:25

HP:   193/236 (247) AC: 30    Str: 19    XL:     25   Next: 64%
MP:   22/22         EV: 28    Int:  7    God:    Ru [******]
Gold: 4864          SH:  0    Dex: 22    Spells: 24/24 levels left

rFire   . . .      SeeInvis +    d - +11 plutonium sword {Contam Stlth-}
rCold   . . .      Faith    .    (shield currently unavailable)
rNeg    + . .      Spirit   .    A - +4 chain mail of Tempters {Harm rElec Regen+ Stlth+}
rPois   +          Reflect  .    (helmet restricted)
rElec   +          Harm     +    V - +2 cloak
rCorr   +          Rampage  .    E - +2 pair of gloves of Slovenliness {rN+ rCorr SInv}
Will    +....      Clarity  +    r - +2 pair of slick slippers {slick, slippery, EV+5}
Stlth   ++                       u - amulet of Elyum {Acrobat rPois rF+ Stlth+}
HPRegen 1.39/turn                J - ring of protection from cold
MPRegen 0.18/turn                s - ring of willpower

@: lightly drained
A: horns 2, weak-willed 1, unskilled 1, inexperienced 1, temperature sensitive,
retaliatory headbutt, clarity, mutation resistance 1, no potion heal 1
0: Orb of Zot
}: 4/15 runes: serpentine, barnacled, silver, abyssal
a: Renounce Religion, Draw Out Power, Power Leap, Apocalypse


You escaped.
You worshipped Ru.
Ru was exalted by your worship.
You visited 10 branches of the dungeon, and saw 48 of its levels.
You visited the Abyss 2 times.
You also visited: Trove and Bailey.

You collected 8849 gold pieces.
You spent 3985 gold pieces at shops.

Inventory:

Hand Weapons
 a - the +9 sword of Power {lifebolt}
   (You bought it in a shop on level 15 of the Dungeon)
 b - a +9 vampiric triple sword
 d - the +11 plutonium sword (weapon) {Contam Stlth-}
   (You found it in a treasure trove)

   Contam:    It causes magical contamination when unequipped.
   Stlth:     It makes you less stealthy.
Missiles
 N - 3 throwing nets (quivered)
Armour
 r - the +2 pair of slick slippers (worn) {slick, slippery, EV+5}
   (You acquired it on level 2 of the Orcish Mines)

   Slick:     Its wearer cannot be constricted, engulfed, netted or webbed.
   Slippery:  It slips away from damaging melee attacks, pulling the attacker
   onward.
   EV:        It affects your evasion (+5).
 A - the +4 chain mail of Tempters (worn) {Harm rElec Regen+ Stlth+}
   (You found it on level 13 of the Dungeon)

   rElec:     It insulates you from electricity.
   Regen:     It increases your rate of health regeneration.
   Harm:      It increases damage dealt and taken.
   Stlth:     It makes you more stealthy.
 E - the +2 pair of gloves of Slovenliness (worn) {rN+ rCorr SInv}
   (You found it on level 2 of the Elven Halls)

   rN:        It protects you from negative energy.
   SInv:      It lets you see invisible.
   rCorr:     It protects you from acid and corrosion.
 V - a +2 cloak (worn)
Jewellery
 f - a ring of see invisible
 s - a ring of willpower (right hand)
 u - the amulet of Elyum (around neck) {Acrobat rPois rF+ Stlth+}
   (You bought it in a shop on level 2 of the Orcish Mines)

   [amulet of the acrobat]

   It increases your evasion while moving and waiting.
   rF:        It protects you from fire.
   rPois:     It protects you from poison.
   Stlth:     It makes you more stealthy.
 J - a ring of protection from cold (left hand)
Wands
 F - a wand of polymorph (13)
 I - a wand of mindburst (22)
 O - a wand of roots (29)
 P - a wand of charming (17)
 T - a wand of flame (38)
 W - a wand of quicksilver (25)
 Z - a wand of digging (1)
Scrolls
 j - 8 scrolls of vulnerability
 k - 12 scrolls of magic mapping
 l - 3 scrolls of enchant armour
 m - 6 scrolls of amnesia
 n - 5 scrolls of blinking
 o - 5 scrolls of fog
 t - 10 scrolls of immolation
 x - 2 scrolls of brand weapon
 y - 14 scrolls of poison
 K - 33 scrolls of teleportation
 M - 2 scrolls of summoning
 R - 5 scrolls of enchant weapon
 U - 6 scrolls of fear
 X - 3 scrolls of silence
Potions
 c - 13 potions of ambrosia
 e - 2 potions of heal wounds
 g - 13 potions of might
 h - 12 potions of curing
 i - 3 potions of mutation
 q - 7 potions of invisibility
 v - 6 potions of attraction
 w - 7 potions of flight
 z - a potion of haste
 B - 3 potions of berserk rage
 G - 4 potions of lignification
 H - 4 potions of magic
 Q - 5 potions of cancellation
 S - a potion of resistance
 Y - 4 potions of brilliance
Miscellaneous
 p - a condenser vane
 C - a tin of tremorstones (2/2)
 D - a lightning rod (4/4)
 L - a box of beasts


   Skills:
 + Level 24.5 Fighting
 + Level 24.4 Long Blades
 + Level 23.9 Armour
 + Level 22.7 Dodging
 - Level 15.1 Stealth
 + Level 12.9 Evocations


You had 24 spell levels left.
You didn't know any spells.
Your spell library contained the following spells:

 Spells                   Type           Power      Damage    Failure   Level
 Apportation              Tloc           0%         N/A       85%         1
 Foxfire                  Conj/Fire      0%         2x1d4     85%         1
 Shock                    Conj/Air       0%         1d3       85%         1
 Blink                    Tloc           0%         N/A       94%         2
 Cigotuvi's Dreadful Rot  Necr/Pois/Air  0%         N/A       94%         2
 Ensorcelled Hibernation  Hex/Ice        0%         N/A       94%         2
 Lesser Beckoning         Tloc           0%         N/A       94%         2
 Momentum Strike          Conj/Tloc      0%         3d8       94%         2
 Poisonous Vapours        Pois/Air       0%         N/A       94%         2
 Scorch                   Fire           0%         2d5       94%         2
 Static Discharge         Conj/Air       0%         2-2/arc   94%         2
 Call Canine Familiar     Summ           0%         N/A       99%         3
 Dazzling Flash           Conj/Hex       0%         N/A       99%         3
 Gell's Gravitas          Tloc           0%         N/A       99%         3
 Ignite Poison            Fire/Tmut/Pois 0%         N/A       99%         3
 Inner Flame              Hex/Fire       0%         N/A       99%         3
 Kindle Blastsparks       Fire/Tloc/Air  0%         2d10      99%         3
 Mephitic Cloud           Conj/Pois/Air  0%         N/A       99%         3
 Ozocubu's Armour         Ice            0%         N/A       99%         3
 Portal Projectile        Hex/Tloc       0%         N/A       99%         3
 Spider Form              Tmut/Pois      0%         N/A       99%         3
 Stone Arrow              Conj/Erth      0%         3d7       99%         3
 Summon Guardian Golem    Hex/Summ       0%         N/A       99%         3
 Swiftness                Air            0%         N/A       99%         3
 Teleport Other           Tloc           0%         N/A       99%         3
 Airstrike                Air            0%         2d(0-16)  100%        4
 Anguish                  Hex/Necr       0%         N/A       100%        4
 Animate Dead             Necr           0%         N/A       100%        4
 Cause Fear               Hex            0%         N/A       100%        4
 Dispel Undead            Necr           0%         3d6       100%        4
 Flame Wave               Conj/Fire      0%         2d4       100%        4
 Fulminant Prism          Conj/Hex       0%         3d5       100%        4
 Ice Form                 Ice/Tmut       0%         N/A       100%        4
 Iskenderun's Mystic Bla  Conj/Tloc      0%         2d3       100%        4
 Leda's Liquefaction      Hex/Erth       0%         N/A       100%        4
 Manifold Assault         Tloc           0%         N/A       100%        4
 Petrify                  Tmut/Erth      0%         N/A       100%        4
 Sticky Flame             Conj/Fire      0%         2d3       100%        4
 Summon Ice Beast         Ice/Summ       0%         N/A       100%        4
 Agony                    Necr           0%         N/A       100%        5
 Alistair's Intoxication  Tmut/Pois      0%         N/A       100%        5
 Blade Hands              Tmut           0%         N/A       100%        5
 Borgnjor's Vile Clutch   Necr/Erth      0%         N/A       100%        5
 Fireball                 Conj/Fire      0%         3d3       100%        5
 Freezing Cloud           Conj/Ice/Air   0%         6-21      100%        5
 Iskenderun's Battlesphe  Conj           0%         2d6       100%        5
 Lee's Rapid Deconstruct  Erth           0%         3d4*      100%        5
 Metabolic Englaciation   Hex/Ice        0%         N/A       100%        5
 Silence                  Hex/Air        0%         N/A       100%        5
 Summon Forest            Summ/Tloc      0%         N/A       100%        5
 Summon Mana Viper        Hex/Summ       0%         N/A       100%        5
 Conjure Ball Lightning   Conj/Air       0%         3x3d6     100%        6
 Death Channel            Necr           0%         N/A       100%        6
 Dispersal                Tloc           0%         N/A       100%        6
 Eringya's Noxious Bog    Tmut/Pois      0%         N/A       100%        6
 Iron Shot                Conj/Erth      0%         9d1       100%        6
 Simulacrum               Ice/Necr       0%         N/A       100%        6
 Starburst                Conj/Fire      0%         6d3       100%        6
 Statue Form              Tmut/Erth      0%         N/A       100%        6
 Summon Cactus Giant      Summ           0%         N/A       100%        6
 Dragon Form              Tmut           0%         N/A       100%        7
 Monstrous Menagerie      Summ           0%         N/A       100%        7
 Orb of Destruction       Conj           0%         9d5       100%        7
 Spellforged Servitor     Conj/Summ      0%         N/A       100%        7
 Summon Hydra             Summ           0%         N/A       100%        7
 Borgnjor's Revivificati  Necr           0%         N/A       100%        8
 Discord                  Hex            0%         N/A       100%        8
 Disjunction              Tloc           0%         N/A       100%        8
 Ignition                 Fire           0%         3d3       100%        8
 Infestation              Necr           0%         N/A       100%        8
 Necromutation            Tmut/Necr      0%         N/A       100%        8
 Dragon's Call            Summ           0%         N/A       100%        9


Dungeon Overview and Level Annotations

Branches:
Dungeon (15/15)            Temple (1/1) D:6            Lair (5/5) D:11
 Shoals (4/4) Lair:3        Snake (4/4) Lair:3        Slime (0/5) Lair:4
    Orc (2/2) D:9             Elf (3/3) Orc:2        Vaults (5/5) D:14
  Crypt (0/3) Vaults:3     Depths (4/4) D:15            Zot (5/5) Depths:4
 Bailey (visited)

Altars:
Ashenzari
Cheibriados
Dithmenos
Elyvilon
Fedhas
Gozag
Hepliaklqana
Kikubaaqudgha
Makhleb
Nemelex Xobeh
Okawaru
Qazlal
Ru
Sif Muna
Trog
Uskayaw
Vehumet
Wu Jian
Xom
Yredelemnul
Zin
The Shining One
Jiyva

Shops:
D:2 ?   D:3 (   D:5 :   D:6 *[   D:12 [[   D:15 =(([   Orc:2 [=*(=
Elf:1 [*(:[   Elf:3 [   Shoals:1 *   Snake:2 **   Snake:4 =:=   Vaults:1 =
Vaults:5 =(   Depths:3 *

Portals:
Hell: Depths:1 Depths:2 Depths:3 Depths:4
Abyss: Depths:3
Pandemonium: Depths:1 Depths:2
Ziggurat: Depths:3

Annotations:
D:15 Louise
Temple 2 transporters
Shoals:1 3 runed translucent doors, exclusion: obsidian statue, Xeucuol's ghost, adept MiFi
Snake:1 3 runed translucent doors, Dyetwah's ghost, journeyman FeSu
Elf:2 3 runed translucent doors
Vaults:1 3 runed translucent doors, Vivivvi's ghost, veteran DjCj


Innate Abilities, Weirdness & Mutations

You have a pair of horns on your head.
You are slightly weak-willed. (Will-)
You are somewhat unskilled. (-1 Apt)
You are somewhat inexperienced. (-1 XL)
You are sensitive to extremes of temperature. (rF-, rC-)
You reflexively headbutt those who attack you in melee.
You possess an exceptional clarity of mind.
You are somewhat resistant to further mutation.
Potions are less effective at restoring your health.


Message History

There is an open door here.
There is a stone staircase leading up here.
You climb upwards.
There is a stone staircase leading down here.
A Tzitzimitl comes into view.
You redirect the Tzitzimitl's attack!
The Tzitzimitl engulfs you.
You slip backwards!
You open the Tzitzimitl like a pillowcase!!!
The Tzitzimitl is severely wounded.
You miss the Tzitzimitl. You headbutt the Tzitzimitl.
The Tzitzimitl is severely wounded.
The Tzitzimitl closely misses you. The Tzitzimitl bites you.
You partially resist.
You feel drained.
You slip backwards!
You hit the Tzitzimitl.
The Tzitzimitl is severely wounded.
The Tzitzimitl calls on the powers of darkness!
Your body is wracked with pain!
Ouch! That really hurt!
You focus your inner power and drain the Tzitzimitl's magic in retribution!
You slice the Tzitzimitl!! Your headbutt misses the Tzitzimitl.
The Tzitzimitl is almost dead.
You slash the Tzitzimitl!
You kill the Tzitzimitl!
Your life force feels restored.
You are restored by drawing out deep reserves of power within.
You feel drained.
You feel less exhausted.
There is an open door here.
A Buofaef and an orange demon come into view.
Buofaef growls, "Despond, thou pecksniffian full-gorged joithead!"
There is an open door here.
Aiming: Dig
Press: ? - help, Shift-Dir - straight line A rock wall.
This square is covered in magical glow.
The rock shatters into small pieces.
Blink to where?
Press: ? - help, Dir - move target
As you read the scroll of blinking, it crumbles to dust.
You have escaped!

#..## #....#.#.......# ###.##
#########'############# ....#
#....4&...........#...# .####
#.#.#####.#####.#.#...# ##
####.##.#...&...#.##.#...#
###..#.#.#.###'###.#.#.#...#
###....#.#.#.#.....#.#.#.#...#
#....###.#.#.#.....#.#.#.###.#
..##.'.'.#.#.+..@..+.#.#.'.'.#
)....###.#.#.#.....#.#.#.#####
.###..##.#.#.#.....#.#.#.#..#
.# ##..#.#.#.###+###.#.#.#..#
## ##.#.##.#.......#.##.#..#
#.#.#.###########.#.#..#
#.#.................#..#
###########'#########[.# #.#
#.......#


You could see Buofaef.

Vanquished Creatures
  11 orbs of fire
  Tiamat (Zot:1)
  2 ancient liches
  8 dread liches
  A juggernaut (Depths:4)
  Mara (Depths:2)
  Josephina (Depths:3)
  The ghost of zero the Eclecticist, a veteran GrEE of Vehumet (Elf:2)
  5 Killer Klowns (Zot:5)
  5 curse toes (Zot:5)
  9 golden dragons
  A Tzitzimitl (D:1)
  A pandemonium lord (Zot:4)
  3 bone dragons (Abyss:3)
  5 electric golems
  10 tentacled monstrosities
  A hellephant (Abyss:3)
  26 Orb Guardians
  An Ice Fiend (D:14)
  4 titans
  Asterion (Vaults:3)
  A walking frostbound tome (Depths:4)
  6 liches
  4 deep elf blademasters (Elf:3)
  6 quicksilver dragons
  A deep elf master archer (Elf:3)
  4 acid blobs (Zot:1)
  11 death cobs
  An Executioner (Abyss:3)
  13 tentacled starspawn (Abyss:3)
  Frances (Snake:1)
  5 sphinxes
  10 shadow dragons
  Kirke (D:13)
  Donald (Vaults:3)
  5 nagarajas
  4 tengu reavers
  9 fire giants
  8 draconian monks
  12 storm dragons
  An emperor scorpion (Zot:5)
  9 deep elf sorcerers (Elf:3)
  3 draconian knights
  16 vault wardens
  10 draconian scorchers
  3 iron dragons
  12 frost giants
  A ghost moth (Zot:5)
  10 draconian shifters
  A war gargoyle (Vaults:5)
  A reaper (Depths:2)
  An orc warlord (Vaults:3)
  21 ironbound preservers
  3 deep elf elementalists
  An angel (D:10)
  5 draconian annihilators
  A spriggan defender (Depths:3)
  2 vampire knights (Depths:3)
  3 draconian stormcallers
  19 stone giants
  23 very ugly things
  9 green draconians
  10 red draconians
  10 deep elf annihilators
  6 white draconians
  3 dire elephants (Vaults:3)
  12 black draconians
  8 purple draconians
  4 spark wasps
  12 deep elf demonologists
  A lorocyproca (Depths:1)
  22 yellow draconians
  2 green deaths
  A crystal guardian (Abyss:3)
  3 merfolk javelineers (Shoals:4)
  11 ettins
  7 merfolk impalers
  10 yaktaur captains
  6 deep elf death magi (Elf:3)
  3 jiangshi (Depths:4)
  5 rakshasas
  34 vault guards
  A juggernaut simulacrum (Depths:3)
  5 deep elf high priests
  An ice dragon (shapeshifter) (Vaults:5)
  16 fire dragons
  8 great orbs of eyes
  A peacekeeper (Vaults:4)
  A hydra (shapeshifter) (D:15)
  6 salamander tyrants
  A hell beast (Depths:1)
  6 hydras
  18 centaur warriors
  4 spriggan air magi
  4 boulder beetles
  Harold (Lair:1)
  7 ice dragons
  A catoblepas (Lair:5)
  3 ogre magi
  2 alligator snapping turtles
  6 merfolk aquamancers
  4 merfolk avatars
  A spriggan skeleton (Abyss:3)
  12 anacondas
  11 ironbound frosthearts
  5 two-headed ogres
  Erica (D:8)
  9 tengu warriors
  A death knight (Abyss:3)
  6 death yaks
  10 deep troll shamans
  6 deep troll earth magi
  A vampire mage (Depths:4)
  25 dancing weapons
  11 naga warriors
  18 thrashing horrors (Abyss:3)
  An orc high priest (Orc:2)
  9 shock serpents
  7 naga sharpshooters
  6 spriggan berserkers (Depths:3)
  2 soul eaters
  2 spriggans (Depths:3)
  18 deep elf knights
  15 hell knights
  3 skeletal warriors (D:14)
  13 sun demons
  8 salamander mystics
  A shadow wraith (Vaults:5)
  15 wretched stars (Abyss:3)
  A sixfirhy (Depths:1)
  10 iron trolls
  13 sea snakes
  4 skysharks
  7 glowing orange brains
  62 deep trolls
  2 flayed ghosts
  An obsidian statue (Zot:5)
  13 deep elf archers
  15 lindwurms
  An orange crystal statue (Zot:5)
  4 naga ritualists
  Pikel (D:4)
  34 deep elf pyromancers
  An anaconda skeleton (Abyss:3)
  A bunyip skeleton (Abyss:3)
  11 mana vipers
  9 ironbound convokers
  6 wizards
  3 necromancers
  A harpy (shapeshifter) (Elf:1)
  11 harpies
  A wolf spider (Lair:2)
  4 orc sorcerers
  A will-o-the-wisp (Abyss:3)
  26 deep elf zephyrmancers
  A shining eye (Depths:1)
  7 orc knights
  5 phantasmal warriors
  3 oklob plants (Zot:1)
  4 cyclopes
  33 starcursed masses (Abyss:3)
  38 ugly things
  22 large abominations (Abyss:3)
  11 fauns
  16 manticores
  Maurice (D:7)
  Joseph (D:7)
  16 salamanders
  19 elephants
  A worldbinder (Abyss:3)
  2 rust devils
  A black mamba (shapeshifter) (Vaults:5)
  28 black mambas
  13 merfolk sirens
  2 apocalypse crabs (Abyss:3)
  17 moths of wrath
  2 orange demons (Abyss:3)
  A water nymph (shapeshifter) (Depths:3)
  7 guardian serpents
  8 water nymphs
  17 naga magi
  12 vault sentinels
  2 eyes of devastation (Depths:1)
  A gargoyle (D:14)
  9 smoke demons
  A yaktaur (shapeshifter) (Abyss:3)
  A hellion (Depths:1)
  2 torpor snails
  2 freezing wraiths (Abyss:3)
  15 cane toads
  2 tormentors (Abyss:3)
  4 rime drakes
  2 efreet (Abyss:3)
  6 komodo dragons
  Psyche (D:9)
  A komodo dragon (shapeshifter) (Elf:3)
  42 yaktaurs
  3 tengu conjurers
  2 red devils
  A golden dragon simulacrum (Depths:3)
  4 ice devils
  A polar bear (Lair:1)
  2 queen bees
  A meliai (shapeshifter) (Vaults:5)
  4 ancient zymes (Abyss:3)
  3 hornets
  4 harpy zombies (Shoals:2)
  9 trolls
  3 tyrant leeches (Lair:5)
  8 wind drakes
  37 merfolk
  2 ettin zombies (Vaults:3)
  8 meliai
  2 hellwings (Abyss:3)
  A tengu simulacrum (Depths:3)
  15 dream sheep
  An elf zombie (Vaults:3)
  12 snapping turtles
  29 blink frogs
  17 raiju (Abyss:3)
  2 air elementals
  A fire giant simulacrum (Depths:3)
  6 flying skulls (Abyss:3)
  56 yaks
  7 ynoxinuls
  2 wraiths
  36 slime creatures
  4 wyverns
  3 shadows
  2 vampires
  18 water elementals
  A steam dragon (D:10)
  3 basilisks
  A chaos spawn (Depths:1)
  4 fire elementals
  4 hogs (D:13)
  9 vampire mosquitoes
  29 nagas
  6 neqoxecs (Abyss:3)
  5 wargs
  2 acid dragons
  A human simulacrum (Vaults:3)
  3 hell hounds
  14 water moccasins
  A floating eye (Depths:2)
  A glowing shapeshifter skeleton (Vaults:3)
  A black bear (D:6)
  3 ice beasts
  29 orc warriors
  A sky beast (D:7)
  A black bear (shapeshifter) (D:15)
  2 manticore zombies (Shoals:2)
  A boggart (D:14)
  12 ogres
  35 wolves
  4 phantoms
  11 centaurs
  3 lemures
  4 kobold brigands
  2 necrophages (D:5)
  14 small abominations
  A bullfrog (shapeshifter) (Elf:2)
  2 gnoll sergeants
  15 bullfrogs
  5 scorpions
  6 earth elementals
  17 wights
  27 killer bees
  22 jellies
  3 electric eels
  2 howler monkeys
  A vampire bat (D:5)
  5 orc priests
  3 quasits (Abyss:3)
  7 hounds
  2 iron imps (Abyss:3)
  11 iguanas
  Jessica (D:2)
  7 orc wizards
  10 gnolls
  8 adders
  2 white imps
  5 ufetubi
  A worm (D:5)
  3 dart slugs (D:1)
  3 fire bats (D:5)
  56 orcs
  2 spectral bats (D:5)
  9 ball pythons
  3 bat skeletons (D:5)
  2 bat zombies
  10 endoplasms
  3 giant cockroaches
  8 goblins
  7 hobgoblins
  A jackal (D:1)
  23 kobolds
  2 quokkas
  16 bats
  A bat simulacrum (D:5)
  A frilled lizard (D:1)
  4 rats
  A lurking horror (Abyss:3)
  3 starspawn tentacles (Abyss:3)
2295 creatures vanquished.

Vanquished Creatures (collateral kills)
  A yellow draconian (Zot:1)
1 creature vanquished.

Vanquished Creatures (others)
  A tentacled monstrosity (Depths:3)
  An orc warlord (Orc:2)
  A very ugly thing (Abyss:3)
  A green draconian (Zot:5)
  A red draconian (Zot:2)
  A white draconian (Zot:5)
  A purple draconian (Zot:5)
  A merfolk javelineer (Shoals:4)
  A centaur warrior (D:13)
  A naga warrior (Snake:3)
  A satyr (shapeshifter) (Vaults:5)
  A dancing weapon (Elf:2)
  A thrashing horror (Abyss:3)
  A deep troll (Depths:4)
  A sea snake (Shoals:3)
  A deep elf zephyrmancer (Elf:3)
  A deep elf archer (Elf:1)
  A harpy (Vaults:1)
  2 cyclopes
  A salamander (Depths:1)
  A moth of wrath (Zot:3)
  A black mamba (Snake:1)
  A komodo dragon (Lair:3)
  A merfolk (Shoals:4)
  A troll (D:12)
  A wind drake (Shoals:4)
  A sphinx simulacrum (Depths:3)
  4 water elementals
  A slime creature (Vaults:3)
  A yak (Lair:4)
  A naga (Snake:4)
  A water moccasin (Lair:1)
  An orc warrior (Orc:2)
  A bullfrog (Lair:5)
  An orc (Orc:2)
  A bush (Abyss:3)
  A butterfly (Lair:5)
  2 demonic plants (Abyss:3)
  2 foxfires (Abyss:3)
  17 fungi
  100 plants
  18 starspawn tentacles (Abyss:3)
180 creatures vanquished.

Grand Total: 2476 creatures vanquished

Notes
Turn   | Place    | Note
-------+----------+-------------------------------------------
     0 | D:1      | Anon1729 the Minotaur Monk began the quest for the Orb.
     0 | D:1      | Reached XP level 1. HP: 19/19 MP: 0/0
   131 | D:1      | Reached XP level 2. HP: 26/27 MP: 1/1
   296 | D:1      | Reached XP level 3. HP: 33/33 MP: 2/2
   542 | D:2      | Found Nahihush's Magic Scroll Shoppe.
   910 | D:2      | Reached XP level 4. HP: 38/40 MP: 3/3
  1110 | D:2      | Noticed Jessica
  1115 | D:2      | Killed Jessica
  1389 | D:3      | Found a faded altar of an unknown god.
  1413 | D:3      | Found Fyiguirria's Antique Weapon Shoppe.
  1963 | D:4      | Reached XP level 5. HP: 43/47 MP: 4/4
  2060 | D:4      | Noticed a lemure
  2064 | D:4      | Noticed a lemure
  2065 | D:4      | Reached skill level 5 in Fighting
  2065 | D:4      | Reached skill level 5 in Long Blades
  2066 | D:4      | Noticed Pikel
  2067 | D:4      | Noticed a lemure
  2082 | D:4      | Noticed a lemure
  2083 | D:4      | Killed a lemure
  2172 | D:4      | Reached XP level 6. HP: 54/56 MP: 5/5
  2197 | D:4      | Noticed an ice beast
  2213 | D:4      | Killed an ice beast
  2241 | D:4      | Reached skill level 5 in Dodging
  2622 | D:4      | Found Uthucit's Distillery.
  2628 | D:4      | Killed Pikel
  2629 | D:4      | Reached XP level 7. HP: 63/64 MP: 6/6
  2632 | D:4      | Bought a potion of degeneration for 13 gold pieces
  2632 | D:4      | Bought a potion of curing for 39 gold pieces
  2632 | D:4      | Bought a potion of might for 52 gold pieces
  2632 | D:4      | Bought a potion of attraction for 39 gold pieces
  2632 | D:4      | Bought a potion of flight for 39 gold pieces
  2751 | D:5      | Entered Level 5 of the Dungeon
  2890 | D:5      | Reached XP level 8. HP: 61/71 MP: 7/7
  2955 | D:5      | Reached skill level 1 in Armour
  3474 | D:5      | Reached skill level 5 in Stealth
  3612 | D:5      | Found Pauschoxt's Book Emporium.
  3743 | D:6      | Found Udocycke's Assorted Antiques.
  3758 | D:6      | Bought a scroll labelled SIFIOF ILEALAE for 17 gold pieces
  3829 | D:6      | Identified the +1 ring mail of Dim Light {rF+}
  4049 | D:6      | Noticed a troll
  4085 | D:6      | Reached XP level 9. HP: 26/80 MP: 8/8
  4241 | D:6      | Killed a troll
  4825 | D:6      | Reached skill level 5 in Armour
  5032 | D:6      | Found Esurae's Antique Armour Shoppe.
  5363 | D:6      | Found a staircase to the Ecumenical Temple.
  5433 | Temple   | Entered the Ecumenical Temple
  5433 | Temple   | Found a transporter.
  5433 | Temple   | Found a transporter.
  5435 | Temple   | Found a transporter.
  5435 | Temple   | Found a transporter.
  5455 | Temple   | Became a worshipper of Ru the Awakened
  5493 | D:6      | Gained mutation: You are sensitive to extremes of
                  | temperature. (rF-, rC-) [Ru sacrifice]
  5493 | D:6      | Reached * piety under Ru
  5493 | D:6      | Reached ** piety under Ru
  5613 | D:7      | Found an opulent altar of Gozag.
  5648 | D:7      | Found a shimmering altar of Xom.
  5648 | D:7      | Found a shimmering altar of Xom.
  5650 | D:7      | Found a shimmering altar of Xom.
  5650 | D:7      | Found a shimmering altar of Xom.
  5653 | D:7      | Found a shimmering altar of Xom.
  5653 | D:7      | Found a shimmering altar of Xom.
  5984 | D:7      | Noticed Joseph
  5993 | D:7      | Reached XP level 10. HP: 87/90 MP: 9/9
  6012 | D:7      | Killed Joseph
  6502 | D:7      | Found a blossoming altar of Fedhas.
  6592 | D:8      | Found a glowing golden altar of the Shining One.
  6651 | D:8      | Noticed Erica
  6715 | D:8      | Killed Erica
  6909 | D:8      | Noticed Maurice
  6933 | D:8      | Noticed a two-headed ogre
  6945 | D:8      | Killed a two-headed ogre
  6960 | D:8      | Noticed a two-headed ogre
  7047 | D:8      | Found a flagged portal.
  7062 | Bailey   | Entered a bailey
  7811 | D:8      | Killed a two-headed ogre
  7812 | D:8      | Reached skill level 10 in Fighting
  7812 | D:8      | Reached skill level 10 in Long Blades
  8175 | D:7      | Killed Maurice
  8505 | D:9      | Reached XP level 11. HP: 99/99 MP: 10/10
  8566 | D:9      | Found a staircase to the Orcish Mines.
  8741 | D:9      | Noticed Psyche
  8758 | D:9      | Killed Psyche
  8866 | D:9      | Found a burning altar of Makhleb.
  8915 | D:9      | Gained mutation: You are slightly weak-willed. (Will-) [Ru
                  | sacrifice]
  8915 | D:9      | Reached *** piety under Ru
  9297 | D:10     | Entered Level 10 of the Dungeon
  9665 | D:10     | Reached skill level 10 in Dodging
 10672 | D:11     | Gained mutation: You are somewhat unskilled. (-1 Apt) [Ru
                  | sacrifice]
 10672 | D:11     | Reduced skill Fighting to level 10
 10672 | D:11     | Reduced skill Long Blades to level 10
 10672 | D:11     | Reached **** piety under Ru
 10672 | D:11     | Reached ***** piety under Ru
 10842 | D:11     | Found a staircase to the Lair.
 10937 | D:11     | Noticed a two-headed ogre
 10948 | D:11     | Killed a two-headed ogre
 11089 | D:11     | Noticed a two-headed ogre
 11101 | D:11     | Killed a two-headed ogre
 11102 | D:11     | Reached XP level 12. HP: 84/107 MP: 11/11
 11609 | D:12     | Found a snail-covered altar of Cheibriados.
 11609 | D:12     | Found Cheibriados's Comfort Zone.
 11710 | D:12     | Found Vaew's Armour Shoppe.
 12101 | Lair:1   | Entered Level 1 of the Lair of Beasts
 12146 | Lair:1   | Reached skill level 10 in Dodging
 12263 | Lair:1   | Got the Book of White Modification
 12272 | Lair:1   | Noticed Harold
 12291 | Lair:1   | Killed Harold
 12638 | Lair:1   | Gained mutation: You are somewhat inexperienced. (-1 XL)
                  | [Ru sacrifice]
 12638 | Lair:1   | Reached XP level 11. HP: 102/102 MP: 10/10
 12638 | Lair:1   | Reached ****** piety under Ru
 13180 | Lair:2   | Noticed a five-headed hydra
 13193 | Lair:2   | Killed a one-headed hydra
 13911 | Lair:2   | Reached skill level 10 in Armour
 13919 | Lair:2   | Reached XP level 12. HP: 28/111 MP: 11/11
 14326 | Lair:3   | Found a staircase to the Snake Pit.
 14472 | Lair:3   | Found a staircase to the Shoals.
 15279 | Lair:4   | Found a viscous altar of Jiyva.
 15279 | Lair:4   | Found a staircase to the Slime Pits.
 16498 | Lair:5   | Entered Level 5 of the Lair of Beasts
 16559 | Lair:4   | Reached XP level 13. HP: 80/114 MP: 12/12
 16929 | Lair:5   | Reached skill level 10 in Stealth
 17855 | Lair:5   | Identified the amulet "Tabegru" {Spirit +Blink rElec rC-
                  | Int+2}
 18170 | D:13     | Identified the +4 chain mail of Tempters {Harm rElec Regen+
                  | Stlth+}
 18248 | D:13     | Noticed Kirke
 18282 | D:13     | Gained mutation: You have a pair of large horns on your
                  | head. [potion of mutation]
 18289 | D:13     | Killed Kirke
 18772 | D:14     | Found a gate to the Vaults.
 19444 | D:14     | Reached XP level 14. HP: 68/124 MP: 13/13
 20255 | D:15     | Entered Level 15 of the Dungeon
 20685 | D:15     | Found Qifuxeat's Weapon Shop.
 20721 | D:15     | Noticed Louise
 20840 | D:15     | Found Kaull's Antique Weapon Emporium.
 20927 | D:15     | Found Dantug's Jewellery Boutique.
 21115 | D:15     | Found Xoon Lopp's Antique Armour Shoppe.
 21186 | D:15     | Noticed an azure jelly
 21186 | D:15     | an azure jelly changed into a minotaur
 21188 | D:15     | Found a staircase to the Depths.
 21679 | Orc:1    | Entered Level 1 of the Orcish Mines
 22047 | D:15     | Bought the +9 sword of Power {lifebolt} for 1440 gold
                  | pieces
 22047 | D:15     | Found the +9 sword of Power {lifebolt}
 22221 | Orc:2    | Entered Level 2 of the Orcish Mines
 22221 | Orc:2    | Found Puqo's General Store.
 22332 | Orc:2    | Found Qozae's Jewellery Shoppe.
 22338 | Orc:2    | Found Idurel's Antique Armour Shop.
 22409 | Orc:2    | Bought a scroll of identify for 32 gold pieces
 22412 | Orc:2    | Identified a scroll of acquirement
 22414 | Orc:2    | Acquired the +2 pair of slick slippers {slick, slippery,
                  | EV+5}
 22414 | Orc:2    | Found the +2 pair of slick slippers {slick, slippery, EV+5}
 22439 | Orc:2    | Found Luisu's Jewellery Shoppe.
 22514 | Orc:2    | Found Xidghe Opoumy's Antique Weapon Shoppe.
 22524 | Orc:2    | Paralysed by an orc sorcerer for 2 turns
 23052 | Orc:2    | Found a staircase to the Elven Halls.
 23238 | Orc:2    | Found a shimmering blue altar of Sif Muna.
 23491 | Snake:1  | Entered Level 1 of the Snake Pit
 23658 | Snake:1  | Found a runed translucent gate.
 23658 | Snake:1  | Found a runed translucent gate.
 23810 | Snake:1  | Noticed Dyetwah's ghost (journeyman FeSu)
 23823 | Snake:1  | Noticed Frances
 23825 | Snake:1  | Found a runed translucent gate.
 23835 | Snake:1  | Killed Frances
 24457 | Snake:2  | Found a frozen archway.
 24533 | Snake:2  | Reached XP level 15. HP: 126/128 MP: 14/14
 24757 | Snake:2  | Reached skill level 15 in Fighting
 24864 | Snake:2  | Reached skill level 15 in Long Blades
 24891 | Snake:2  | Found Qeuloheff's General Store.
 24895 | Snake:2  | Found Givat's Specific Store.
 26756 | Shoals:1 | Entered Level 1 of the Shoals
 27063 | Shoals:1 | Found a runed translucent door.
 27075 | Shoals:1 | Found a runed translucent gate.
 27075 | Shoals:1 | Found a runed translucent gate.
 27075 | Shoals:1 | Found a runed translucent gate.
 27076 | Shoals:1 | Found an opulent altar of Gozag.
 27076 | Shoals:1 | Noticed Xeucuol's ghost (adept MiFi)
 27400 | Shoals:1 | Identified the +8 shortbow "Vugoysa" {freeze, rPois rCorr}
 27471 | Shoals:1 | Found Geclaavo's Assorted Antiques.
 27804 | Orc:2    | Bought the amulet of Elyum {Acrobat rPois rF+ Stlth+} for
                  | 918 gold pieces
 28073 | Snake:4  | Entered Level 4 of the Snake Pit
 28272 | Snake:4  | Reached XP level 16. HP: 132/151 MP: 15/15
 28806 | Snake:4  | Found Dotolixi's Jewellery Shoppe.
 28806 | Snake:4  | Found Mohaceet's Book Shop.
 28807 | Snake:4  | Found Zaitwosi's Jewellery Shoppe.
 29067 | Snake:4  | Reached skill level 15 in Armour
 29259 | Snake:4  | Reached skill level 15 in Dodging
 29382 | Snake:4  | Got a serpentine rune of Zot
 31262 | Shoals:4 | Entered Level 4 of the Shoals
 31640 | Shoals:4 | Reached XP level 17. HP: 150/160 MP: 16/16
 31758 | Shoals:4 | Identified the +3 flail of the Spider Nest {drain, rF+ rC+
                  | SInv}
 31942 | Shoals:4 | Got Zolemagy's Folio of the Forsaken Knives
 32098 | Shoals:4 | Got a barnacled rune of Zot
 32463 | Vaults:1 | Entered Level 1 of the Vaults
 32850 | Vaults:1 | Noticed a dread lich
 33215 | Vaults:1 | Found Tyecasuc's Jewellery Boutique.
 33292 | Vaults:1 | Noticed a Tzitzimitl
 33435 | Vaults:1 | Found a runed translucent gate.
 33435 | Vaults:1 | Found a runed translucent gate.
 33435 | Vaults:1 | Found a runed translucent gate.
 33435 | Vaults:1 | Noticed Vivivvi's ghost (veteran DjCj)
 33891 | Vaults:1 | Killed a dread lich
 33920 | Vaults:1 | Reached XP level 18. HP: 151/171 MP: 17/17
 34120 | Vaults:1 | Found a viscous altar of Jiyva.
 34278 | Vaults:2 | Paralysed by a great orb of eyes for 5 turns
 35635 | Vaults:3 | Noticed Donald
 35650 | Vaults:3 | Killed Donald
 35913 | Vaults:3 | Noticed an ancient lich
 35923 | Vaults:3 | Killed an ancient lich
 35925 | Vaults:3 | Identified the +0 robe of the Orcish Mines {rC- Slay+5
                  | Archmagi}
 36282 | Abyss:2  | Cast into level 2 of the Abyss (a wizard)
 36288 | Vaults:3 | Escaped the Abyss
 36385 | Vaults:3 | Found a staircase to the Crypt.
 36385 | Vaults:3 | Found a basalt altar of Yredelemnul.
 36386 | Vaults:3 | Found an ancient bone altar of Kikubaaqudgha.
 36797 | Vaults:3 | Noticed Asterion
 36817 | Vaults:3 | Killed Asterion
 37284 | Vaults:4 | Reached XP level 19. HP: 181/181 MP: 18/18
 37447 | Vaults:4 | Identified the +8 plate armour of Bolomoh {rElec Str+7
                  | Int-2}
 38430 | Elf:1    | Entered Level 1 of the Elven Halls
 38662 | Elf:1    | Paralysed by an orc sorcerer for 5 turns
 38873 | Elf:1    | Found Edul Vei's Book Shop.
 38877 | Elf:1    | Paralysed by an air elemental for 1 turns
 39006 | Elf:1    | Found Oxusur's Antique Armour Shop.
 39019 | Elf:1    | Found Ukuwn's Weapon Emporium.
 39087 | Elf:1    | Found a radiant altar of Vehumet.
 39122 | Elf:1    | Reached skill level 15 in Stealth
 39177 | Elf:1    | Found Ogo Kao's Armour Shop.
 39320 | Elf:1    | Found Siogaorr's Overcharged Wands.
 39422 | Elf:1    | Identified the +0 dagger of the Hurting Traitor {flame, rF+
                  | rN+ Str-4 Dex+4}
 39647 | Elf:2    | Found a runed translucent gate.
 39647 | Elf:2    | Found a runed translucent gate.
 39648 | Elf:2    | Found a runed translucent gate.
 39649 | Elf:2    | Noticed zero's ghost (veteran GrEE)
 40074 | Elf:2    | Found a runed translucent gate.
 40074 | Elf:2    | Found a runed translucent gate.
 40076 | Elf:2    | Found a runed translucent gate.
 40335 | Elf:2    | Killed zero's ghost
 40444 | Elf:2    | Identified the +2 pair of gloves of Slovenliness {rN+ rCorr
                  | SInv}
 40645 | Elf:2    | Reached skill level 1 in Evocations
 41011 | Elf:3    | Entered Level 3 of the Elven Halls
 41035 | Elf:3    | Found Boax's Armour Shoppe.
 41266 | Elf:3    | Acquired 567 gold pieces
 41592 | Elf:3    | Reached XP level 20. HP: 114/186 MP: 19/19
 41597 | Elf:3    | Got Vaogus's Vademecum on Death and Topomancy
 41602 | Elf:3    | Identified the +8 battleaxe "Eciujeb" {heavy, Dex+4}
 41603 | Elf:3    | Identified the +1 plate armour of the Known World {Str+3}
 41622 | Elf:3    | Got the Book of Blazing Bedrock
 41628 | Elf:3    | Identified the +3 ring mail "Ducojoif" {Dex+4}
 41632 | Elf:3    | Identified the +7 triple crossbow "Hontoqeot" {penet,
                  | +Blink rF+}
 41643 | Elf:3    | Identified the +2 spear of Ylaje {drain, rPois Str+2}
 41722 | Elf:3    | Identified the ring of Xoupt {rC+ rN+ Int+4}
 41971 | Elf:3    | Identified the +3 sling of Integrity {heavy, Str+2 Int+6}
 41992 | Elf:3    | Got the Octavo of Hypothermia and Unholy Rites
 41999 | Elf:3    | Identified the +1 shortbow "Sufredut" {heavy, rC+ rN++
                  | Str+3}
 42005 | Elf:3    | Identified the +1 robe of Xom's Righteous Fury {rN+}
 42587 | Vaults:5 | Entered Level 5 of the Vaults
 42885 | Abyss:3  | Cast into level 3 of the Abyss (vault guard)
 42903 | Abyss:3  | Found a corrupted altar of Lugonu.
 42904 | Abyss:3  | Found a corrupted altar of Lugonu.
 42936 | Abyss:3  | Found a corrupted altar of Lugonu.
 42950 | Abyss:3  | Found a corrupted altar of Lugonu.
 42950 | Abyss:3  | Found a corrupted altar of Lugonu.
 43138 | Abyss:3  | Found a corrupted altar of Lugonu.
 43340 | Abyss:3  | Found a corrupted altar of Lugonu.
 43788 | Abyss:3  | Reached skill level 5 in Evocations
 43994 | Abyss:3  | Found a corrupted altar of Lugonu.
 44329 | Abyss:3  | Reached XP level 21. HP: 202/202 MP: 20/20
 44671 | Abyss:3  | Noticed a dread lich
 44735 | Abyss:3  | Gained mutation: Potions are less effective at restoring
                  | your health. [a neqoxec]
 44841 | Abyss:3  | Got an abyssal rune of Zot
 44936 | Abyss:3  | Paralysed by accursed screaming for 2 turns
 44980 | Abyss:3  | Killed a dread lich
 44983 | Abyss:3  | Gained mutation: You are clumsy. (Dex -2) [a neqoxec]
 44985 | Abyss:3  | Gained mutation: You are weak. (Str -2) [a neqoxec]
 45071 | Abyss:3  | Noticed a dread lich
 45121 | Vaults:5 | Escaped the Abyss
 45451 | Vaults:5 | Noticed a dread lich
 45469 | Vaults:5 | Identified the +1 spear of Bepogaets {holy, rC+ Dex+2 SInv}
 45543 | Vaults:5 | Noticed an ancient lich
 45548 | Vaults:5 | Killed a dread lich
 45559 | Vaults:5 | Killed an ancient lich
 45691 | Vaults:5 | Identified the +1 leather armour of Judeap {Contam rF+++
                  | rC- Str+10}
 45996 | Vaults:5 | Reached XP level 22. HP: 207/213 MP: 21/21
 46053 | Vaults:5 | Got a silver rune of Zot
 46356 | Vaults:5 | Identified the +1 battleaxe "Zylin" {venom, *Rage rF- rN+++
                  | MP+9}
 46448 | Vaults:5 | Found Imockaju's Antique Weapon Shoppe.
 46541 | Vaults:5 | Found Delufub's Jewellery Boutique.
 46554 | Vaults:5 | Identified the +1 robe "Juunt" {rPois Dex+4}
 46715 | Vaults:5 | Got the Precepts of Forms
 47143 | Depths:1 | Entered Level 1 of the Depths
 47324 | Depths:1 | Found a hide-covered altar of Uskayaw.
 47364 | Depths:1 | Found a white marble altar of Elyvilon.
 47536 | Depths:1 | Found a gateway to Hell.
 47814 | Depths:1 | Gained mutation: You occasionally lose the ability to drink
                  | potions when taking damage. [a shining eye]
 47820 | Depths:1 | Gained mutation: You are very weak. (Str -4) [a shining
                  | eye]
 47824 | Depths:1 | Gained mutation: You occasionally lose the ability to read
                  | scrolls when taking damage. [a shining eye]
 47935 | Depths:1 | Lost mutation: You are very weak. (Str -4) [potion of
                  | mutation]
 47935 | Depths:1 | Lost mutation: You occasionally lose the ability to read
                  | scrolls when taking damage. [potion of mutation]
 47935 | Depths:1 | Gained mutation: You are somewhat resistant to further
                  | mutation. [potion of mutation]
 47935 | Depths:1 | Gained mutation: You are very clumsy. (Dex -4) [potion of
                  | mutation]
 47936 | Depths:1 | Lost mutation: You are very clumsy. (Dex -4) [potion of
                  | mutation]
 47936 | Depths:1 | Lost mutation: You are clumsy. (Dex -2) [potion of
                  | mutation]
 47936 | Depths:1 | Lost mutation: You are weak. (Str -2) [potion of mutation]
 47936 | Depths:1 | Gained mutation: You are weak. (Str -2) [potion of
                  | mutation]
 47937 | Depths:1 | Lost mutation: You have a pair of large horns on your head.
                  | [potion of mutation]
 47937 | Depths:1 | Lost mutation: You are weak. (Str -2) [potion of mutation]
 47937 | Depths:1 | Lost mutation: You occasionally lose the ability to drink
                  | potions when taking damage. [potion of mutation]
 47937 | Depths:1 | Gained mutation: You possess an exceptional clarity of
                  | mind. [potion of mutation]
 47999 | Depths:1 | Found a one-way gate leading to the halls of Pandemonium.
 48407 | D:2      | Bought a scroll of magic mapping for 90 gold pieces
 48407 | D:2      | Bought a scroll of silence for 114 gold pieces
 48407 | D:2      | Bought a scroll of amnesia for 48 gold pieces
 48407 | D:2      | Bought a scroll of blinking for 90 gold pieces
 48407 | D:2      | Bought a scroll of blinking for 90 gold pieces
 48407 | D:2      | Bought 2 scrolls of blinking for 180 gold pieces
 48407 | D:2      | Bought a scroll of magic mapping for 90 gold pieces
 48407 | D:2      | Bought a scroll of vulnerability for 48 gold pieces
 48407 | D:2      | Bought a scroll of teleportation for 36 gold pieces
 48485 | D:4      | Bought 2 potions of might for 104 gold pieces
 48485 | D:4      | Bought a potion of mutation for 104 gold pieces
 48485 | D:4      | Bought a potion of curing for 39 gold pieces
 48485 | D:4      | Bought a potion of curing for 39 gold pieces
 48538 | D:6      | Bought a scorched ring mail for 324 gold pieces
 48538 | D:6      | Identified the +2 ring mail "Koonil" {-Tele +Inv rN+} (You
                  | bought it in a shop on level 6 of the Dungeon)
 48865 | Depths:2 | Found an ornate altar of the Wu Jian Council.
 49043 | Depths:2 | Noticed Mara
 49047 | Depths:2 | Noticed Anon1729's illusion
 49062 | Depths:2 | Killed Mara
 49577 | Depths:3 | Found Tiw Naaj's Elemental Accessories.
 49665 | Depths:3 | Found a one-way gateway to a ziggurat.
 49669 | Depths:3 | Found a one-way gate to the infinite horrors of the Abyss.
 49765 | Depths:3 | Found a portal to a secret trove of treasure.
 50030 | Depths:4 | Entered Level 4 of the Depths
 50702 | Depths:4 | Found a gate to the Realm of Zot.
 50820 | Depths:4 | Noticed a juggernaut
 50831 | Depths:4 | Killed a juggernaut
 50832 | Depths:4 | Reached XP level 23. HP: 140/223 MP: 22/22
 51301 | Depths:3 | You paid a toll of +3 gold dragon scales to enter a
                  | treasure trove
 51302 | Trove    | Entered a treasure trove
 51314 | Trove    | Identified the +6 broad axe of the Mouth {venom, rN+ Int+2}
 51317 | Trove    | Identified the +6 sling "Tudghokhla" {elec, rF+ Int+2}
 51326 | Trove    | Identified the +9 triple sword of Valiance {heavy, Str-3
                  | Int+9 Dex+3}
 51327 | Trove    | Identified the +9 triple sword of Barobuol {pain, Contam
                  | Dex+3 SInv}
 51340 | Trove    | Found the +11 plutonium sword {Contam Stlth-}
 51346 | Trove    | Identified the +7 triple sword "Ukusarir" {drain, Dex+3}
 51356 | Trove    | Identified the +4 triple sword of Dung {vamp, rElec Str-3
                  | Int+4 Dex+2}
 52111 | Depths:3 | Identified the amulet "Faiskin" {Reflect Str+4 SH+5}
 52218 | Depths:3 | Identified the ring of Jodoxt {Ice rPois Int+2 Dex-4}
 52218 | Depths:3 | Noticed Josephina
 52323 | Depths:3 | Killed Josephina
 52324 | Depths:3 | Reached skill level 10 in Evocations
 52831 | Zot:1    | Entered Level 1 of the Realm of Zot
 52985 | Zot:1    | Found the +4 dragonskin cloak
 52985 | Zot:1    | Noticed Tiamat
 53346 | Zot:1    | Killed Tiamat
 53816 | Zot:1    | Noticed an orb of fire
 54018 | Zot:1    | Killed an orb of fire
 55453 | Zot:1    | Reached XP level 24. HP: 190/235 MP: 22/22
 56216 | Zot:3    | Noticed an orb of fire
 56306 | Zot:3    | Killed an orb of fire
 57792 | Zot:5    | Entered Level 5 of the Realm of Zot
 57794 | Zot:5    | Noticed an orb of fire
 57794 | Zot:5    | Noticed an orb of fire
 57795 | Zot:5    | Noticed an orb of fire
 57813 | Zot:5    | Killed an orb of fire
 57819 | Zot:5    | Killed an orb of fire
 57830 | Zot:5    | Killed an orb of fire
 58594 | Zot:5    | Noticed a dread lich
 58616 | Zot:5    | Killed a dread lich
 58617 | Zot:5    | Noticed a Killer Klown
 58825 | Zot:5    | Noticed an orb of fire
 58826 | Zot:5    | Noticed a Killer Klown
 58848 | Zot:5    | Killed an orb of fire
 58865 | Zot:5    | Killed a Killer Klown
 58882 | Zot:5    | Reached XP level 25. HP: 151/245 MP: 5/22
 58993 | Zot:5    | Noticed an orb of fire
 59204 | Zot:5    | Killed an orb of fire
 59520 | Zot:5    | Noticed an orb of fire
 59535 | Zot:5    | Killed an orb of fire
 59676 | Zot:5    | Noticed an orb of fire
 59676 | Zot:5    | Noticed a dread lich
 59743 | Zot:5    | Noticed a dread lich
 59849 | Zot:5    | Killed a dread lich
 59921 | Zot:5    | Noticed a dread lich
 59949 | Zot:5    | Paralysed by a dread lich for 5 turns
 59960 | Zot:5    | Killed a dread lich
 60119 | Zot:5    | Noticed an orb of fire
 60119 | Zot:5    | Noticed a dread lich
 60119 | Zot:5    | Paralysed by a dread lich for 3 turns
 60135 | Zot:5    | Killed an orb of fire
 60139 | Zot:5    | Killed a dread lich
 60144 | Zot:5    | Killed a dread lich
 60235 | Zot:5    | Noticed an orb of fire
 60247 | Zot:5    | Killed an orb of fire
 60350 | Zot:5    | Killed an orb of fire
 60684 | Zot:5    | Got the Orb of Zot
 60732 | Zot:4    | Noticed Wivoskig the pandemonium lord
 60743 | Zot:4    | Killed Wivoskig the pandemonium lord
 60818 | Zot:1    | Noticed Kiareix the pandemonium lord
 61353 | D:1      | Noticed Buofaef the pandemonium lord
 61357 | D:$      | Escaped with the Orb!

Illustrated notes

Levels and vault maps discovered:
D:1:      matt_arrival_los_fun, layout_rooms, minmay_cupped
D:2:      layout_basic, serial_shops, nicolae_shop_trees, uniq_jessica
D:3:      layout_basic, ebering_ecumenical_altar_mist, serial_shops, shop,
          minivault_4, minmay_misc_feat_hallway
D:4:      layout_cave_pools, serial_shops, kennysheep_mini_moat,
          minmay_liquid_box, chequers_serial_rivers_micro_b, uniq_pikel
D:5:      layout_basic, serial_shops, nicolae_shop_trees, goddamned_bats
D:6:      cheibrodos_fzero, layout_basic, minmay_temple_entry_antechambers,
          serial_shops, shop, nicolae_stop_n_shop_2
D:7:      layout_loops_ring, fedhas_altar_4, mainiacjoe_overflow_cross_hatched,
          xom_redecorated, uniq_joseph
D:8:      layout_rooms, nicolae_tso_carved_into_rock, enter_bailey_4,
          uniq_maurice, uniq_erica
D:9:      layout_basic, lemuel_round_altar, minmay_orc_entry_guard_dogs,
          special_room [special_room_bee], chequers_arboretum, hex_tiny,
          uniq_psyche
D:10:     layout_stronghold, minmay_fractal_squares_5
D:11:     layout_loops_corners, david_lair_shrubbed
D:12:     layout_gridville, serial_shops, shop_statue, minmay_shop_chei
D:13:     layout_basic, uniq_kirke
D:14:     layout_stronghold, lightli_vaults_fourway_checkpoint,
          nicolae_concentric_dashed_squares_wild, serial_co_window_serial,
          co_window_paths_a, co_window_corner_a, co_window_corner_a,
          co_window_of_opportunity_a, co_window_corner_a, co_window_corner_a,
          co_window_corner_a, co_window_corner_b, co_window_unsneaky_path_b,
          co_window_corner_ca, co_window_corner_b, grunt_ministairs_10
D:15:     gammafunk_enter_depths_forms, layout_irregular_city, serial_shops,
          shop, shop, shop, nicolae_shop_stone, fountainhead,
          nicolae_splish_splash, uniq_louise
Temple:   hellmonk_temple_divided_pantheon
Lair:1:   layout_long_grid, uniq_harold
Lair:2:   layout_cave_pods, nicolae_lair_run_with_the_wolves
Lair:3:   layout_cave_pods, nicolae_shoals_entry_roost,
          guppyfry_snake_entry_garden, infiniplex_staircase_pool,
          lemuel_fruit_tree
Lair:4:   layout_hall_layers, slime_entry_1, grunt_megastairs_5
Lair:5:   minmay_lair_end_frog_pond, layout_hall_layers,
          chequers_serial_rivers_micro_c, nicolae_lair_yak_garden,
          lemuel_fruit_fields
Shoals:1: layout_shoals, ebering_ghost_gozag, lightli_airlock
Shoals:2: layout_shoals, nicolae_shoals_undead_eyrie
Shoals:3: layout_shoals
Shoals:4: shoals_end_simple, layout_shoals, nicolae_shoals_water_booths
Snake:1:  layout_onion_interference, gammafunk_ghost_split, uniq_frances
Snake:2:  layout_misc_corridors, portal_ice_cave_entry_pillars_1,
          nicolae_specific_store
Snake:3:  layout_layer_cave
Snake:4:  snake_pit_salamanders_mu, layout_cave_town, minmay_shop_grove,
          grunt_megastairs_4
Orc:1:    layout_caves, ebering_ghost_rock_garden
Orc:2:    grunt_orc_gardens, layout_caves, grunt_orc_garden, grunt_orc_garden,
          grunt_orc_garden, grunt_orc_garden, minmay_shop_enchanted_jewellery,
          kennysheep_orc_sif_temple
Elf:1:    eino_elf_arrival_the_gate, layout_loops_ring, serial_shops,
          nicolae_shop_waterfront, nicolae_shop_crystal,
          nicolae_shop_statue_plus, nicolae_shop_statue_plus, basic_altar,
          minmay_elf_annihilation, nicolae_shop_overcharged_wands
Elf:2:    nicolae_elf_blades_splatter_lattice [nicolae_blade_entry_antechamber],
          layout_loops_cross, gammafunk_ghost_tricky_traps
Elf:3:    minmay_elf_hall_four_x, layout_loops_cross, serial_shops,
          nicolae_lakefront_shop, billiards_dpeg
Vaults:1: gammafunk_ghost_ooze, v_misc_12, hangedman_vaults_cutoff, v_pattern_4,
          dpeg_vaults_waves, nicolae_vaults_little_squares_4,
          nicolae_vaults_little_squares_6, v_alt_pattern_2,
          nicolae_vaults_big_angled_halls, v_misc_2, v_misc_8,
          ontoclasm_vaults_loading_screen, v_misc_30, vaults_dpeg_ring,
          vaults_dpeg_hooks, ontoclasm_vaults_twist, layout_vaults_omnibox,
          serial_shops, nicolae_shop_trees
Vaults:2: vaults_mumra_minichess, nicolae_vaults_angled_halls,
          vaults_room_door_ring, vaults_room_door_hall, v_misc_3,
          dpeg_vaults_monster_box, vaults_dpeg_encased_lava,
          layout_vaults_quadrants
Vaults:3: ontoclasm_vaults_hangar, v_misc_2, v_rooms_5,
          ontoclasm_vaults_ligature, ontoclasm_vaults_ring_small,
          nicolae_vaults_circle_grid_a, minmay_crypt_entry_necro_gods,
          nicolae_vaults_hallways_thing, nicolae_vaults_windows_and_doors_thing,
          nicolae_vaults_shelves_hall, serial_ice_h, grunt_vaults_hallway_long,
          v_misc_12, vaults_room_hangedman_quadrants, layout_vaults_ring,
          uniq_asterion, uniq_donald
Vaults:4: nicolae_vaults_network_square, v_alt_pattern_4, v_misc_17, v_misc_12,
          hangedman_vaults_corner_blocks, v_misc_4, nicolae_vaults_shelves_hall,
          v_misc_24, hangedman_vaults_trim, nicolae_vaults_alarming,
          vaults_room_door_hall, layout_vaults_big_room
Vaults:5
Depths:1: layout_twisted_cross, nicolae_hell_entry_hellmouth_sunbeams,
          elyvilon_altar_1, rand_demon_pan_entry_3, drop_trap,
          nicolae_uskayaw_suspiria
Depths:2: hellmonk_crumbling_castle, layout_cave_pools, hell_entry,
          grunt_decor_junction, rand_demon_pan_entry_4,
          nicolae_wu_jian_wuxing_cycle, minmay_staircase_statues,
          serial_bayou_shore_b, uniq_mara
Depths:3: nooodl_heptagram, layout_gridlike, enter_ziggurat_b,
          nicolae_abyss_entry_one_way_or_another, enter_trove_0,
          corexii_corridor_pit, hangedman_geh_valley, nicolae_elemental_shop,
          uniq_josephina
Depths:4: grunt_zot_entry_bicorn, layout_honeycomb, serial_sigils,
          serial_sigils_hangedman_scar, serial_sigils_hangedman_confine,
          serial_sigils_hangedman_snap, serial_sigils_hangedman_scratch,
          chequers_decorated_corner, hell_entry
Zot:1:    lemuel_acid_trip, layout_onion_interference, st_stairs_14, uniq_tiamat
Zot:2:    layout_misc_corridors, hangedman_zot_diagonal_lockstep
Zot:3:    layout_onion_interference
Zot:4:    layout_gridville, st_single_dragon_hoard_2
Zot:5:    layout_basic, lemuel_lake_of_fire

Skill      XL: |  1  2  3  4  5  6  7  8  9 10 11 12 13 14 15 16 17 18 19 20 21 22 23 24 25 |
---------------+----------------------------------------------------------------------------+-----
Stealth        | 2 3 4 5 6 7 7 9 10 11 12 13 14 15 | 15.1
Long Blades    | 4 5 6 7 8 10 10 12 13 14 15 16 17 18 19 20 21 22 23 24 | 24.4
Fighting       | 4 5 6 7 8 10 10 12 13 14 15 16 17 18 19 20 21 22 23 24 | 24.5
Dodging        | 4 6 7 8 9 9 11 12 13 14 15 16 17 18 19 20 21 22 | 22.7
Armour         | 3 5 7 10 11 12 13 14 15 16 17 18 19 20 21 22 23 | 23.9
Evocations     | 2 5 7 9 10 12 | 12.9

Action                     |  1- 3 |  4- 6 |  7- 9 | 10-12 | 13-15 | 16-18 | 19-21 | 22-24 | 25-27 || total
---------------------------+-------+-------+-------+-------+-------+-------+-------+-------+-------++-------
  Melee: Falchion          |    86 |    37 |       |       |       |       |       |       |       ||   123
         Headbutt          |    14 |    22 |    64 |   228 |   288 |   296 |   325 |   459 |    89 ||  1785
         Punch             |     1 |       |     8 |    16 |     9 |       |       |       |       ||    34
         Short sword       |       |    86 |   280 |       |       |       |       |       |       ||   366
         Long sword        |       |       |    43 |    37 |       |       |       |       |       ||    80
         Scimitar          |       |       |       |  1001 |   677 |       |       |       |       ||  1678
         Unarmed           |       |       |       |       |    10 |       |       |       |     1 ||    11
         Great sword       |       |       |       |       |   454 |  1100 |  1283 |   853 |       ||  3690
         Triple sword      |       |       |       |       |       |       |       |   623 |   305 ||   928
  Throw: Throwing net      |       |       |       |       |     1 |       |       |     3 |       ||     4
 Invoke: Sacrifice Resista |       |       |     1 |       |       |       |       |       |       ||     1
         Sacrifice Essence |       |       |       |     1 |       |       |       |       |       ||     1
         Sacrifice Experie |       |       |       |     1 |       |       |       |       |       ||     1
         Sacrifice Skill   |       |       |       |     1 |       |       |       |       |       ||     1
         Draw Out Power    |       |       |       |     4 |    13 |     9 |     9 |    11 |     3 ||    49
         Apocalypse        |       |       |       |       |     2 |       |     1 |     1 |       ||     4
         Power Leap        |       |       |       |       |       |     1 |     4 |       |       ||     5
  Evoke: Wand              |       |       |       |     1 |    10 |     4 |    13 |     4 |     2 ||    34
         Condenser vane    |       |       |       |       |     3 |     2 |     4 |       |       ||     9
         Tin of tremorston |       |       |       |       |       |       |     6 |       |       ||     6
         Lightning rod     |       |       |       |       |       |       |       |     4 |       ||     4
         Box of beasts     |       |       |       |       |       |       |       |     1 |       ||     1
    Use: Potion            |       |       |     3 |     5 |     8 |     6 |     5 |     8 |    11 ||    46
         Scroll            |       |       |     7 |     7 |    11 |     5 |     8 |    14 |     7 ||    59
   Stab: Sleeping          |     7 |     4 |     6 |    33 |    17 |    33 |    13 |    24 |       ||   137
         Distracted        |       |       |       |    12 |    20 |    17 |    28 |    22 |     8 ||   107
         Invisible         |       |       |       |     5 |     4 |    14 |     5 |     9 |     2 ||    39
         Paralysed         |       |       |       |     1 |     8 |     2 |     1 |     8 |     2 ||    22
         Held in net/web   |       |       |       |       |       |     1 |       |     1 |       ||     2
         Confused          |       |       |       |       |       |       |     1 |       |       ||     1
 Armour: Robe              |    10 |    18 |    38 |       |       |       |       |       |       ||    66
         Ring mail         |       |       |    37 |    60 |       |       |       |       |       ||    97
         Troll leather arm |       |       |       |   274 |    85 |       |       |       |       ||   359
         Chain mail        |       |       |       |       |   295 |   370 |   335 |   396 |    55 ||  1451
  Dodge: Dodged            |    38 |    62 |   214 |   839 |   734 |   971 |   882 |  1116 |   184 ||  5040
  Block: Other             |    21 |    19 |    67 |   237 |   208 |       |       |       |       ||   552
         Reflection        |     1 |       |     4 |     4 |    13 |       |       |       |       ||    22

Table legend: (Time is in decaauts)
 A = Elapsed time spent in this place.
 B = Non-inter-level travel time spent in this place.
 C = Inter-level travel time spent in this place.
 D = Time resting spent in this place.
 E = Time spent auto-exploring this place.
 F = Levels seen in this place.
 G = Mean time per level.
                   A        B        C        D        E       F      G
               +--------+--------+--------+--------+--------+-----+--------+
         Total |  60324 |  54316 |   6008 |   5576 |  33780 |  52 | 1160.1 |
       Dungeon |  16988 |  14104 |   2884 |   1250 |   9846 |  15 | 1132.5 |
        Temple |     58 |     58 |      0 |      0 |     10 |   1 |   58.0 |
          Lair |   6182 |   5696 |    486 |    311 |   3948 |   5 | 1236.4 |
        Shoals |   3693 |   3481 |    212 |    213 |   2201 |   4 |  923.2 |
     Snake Pit |   4841 |   4447 |    394 |    245 |   3253 |   4 | 1210.2 |
  Orcish Mines |   1650 |   1383 |    267 |    186 |    904 |   2 |  825.0 |
   Elven Halls |   3657 |   3383 |    274 |    382 |   1845 |   3 | 1219.0 |
        Vaults |   7817 |   7168 |    649 |    543 |   4940 |   5 | 1563.4 |
        Depths |   4907 |   4275 |    632 |    409 |   2661 |   4 | 1226.8 |
           Zot |   7657 |   7451 |    206 |   1635 |   3374 |   5 | 1531.4 |
         Abyss |   2094 |   2094 |      0 |    231 |    437 |   2 | 1047.0 |
         Trove |    133 |    133 |      0 |      0 |     58 |   1 |  133.0 |
        Bailey |    640 |    640 |      0 |    168 |    300 |   1 |  640.0 |
               +--------+--------+--------+--------+--------+-----+--------+

Top non-repeatable levels by time:
   Zot:1: 2755 daAuts
   Zot:5: 2322 daAuts
 Abyss:3: 2089 daAuts
     D:6: 1796 daAuts
    D:14: 1728 daAuts
Vaults:1: 1697 daAuts
Depths:3: 1693 daAuts
    D:10: 1691 daAuts
Vaults:3: 1661 daAuts
  Lair:3: 1614 daAuts
Vaults:4: 1541 daAuts
Vaults:5: 1499 daAuts
 Snake:4: 1487 daAuts
   Elf:2: 1461 daAuts
 Snake:3: 1441 daAuts
